 Dungeon Crawl Stone Soup version 0.29.1-1-gd02db6906a (console) character file.

Game seed: 2723693896149057160

72 erker the Sneak (level 4, -4/27 HPs)
             Began as an Octopode Earth Elementalist on Oct 8, 2022.
             Slain by an orc priest
             ... wielding a +0 hand axe
              (7 damage)
             ... on level 3 of the Dungeon.
             The game lasted 00:05:01 (2312 turns).

erker the Sneak (Octopode Earth Elementalist)       Turns: 2312, Time: 00:05:01

Health: -4/27      AC:  1    Str:  7    XL:     4   Next: 26%
Magic:  7/7        EV: 13    Int: 19    God:
Gold:   153        SH:  0    Dex: 12    Spells: 1/8 levels left

rFire   . . .      SeeInvis .   a - +0 dagger (venom)
rCold   . . .      Faith    .   (no shield)
rNeg    . . .      Spirit   .   (helmet restricted)
rPois   .          Reflect  .   i - amulet of magic regeneration
rElec   .          Harm     .   (no ring)
rCorr   .          Rampage  .   (no ring)
Will    .....                   (no ring)
Stlth   +++.......              (no ring)
HPRegen 0.09/turn               (no ring)
MPRegen 0.50/turn               (no ring)
                                (no ring)
                                (no ring)

@: no status effects
A: almost no armour, amphibious, 8 rings, camouflage 1, gelatinous body 1,
(nimble swimmer 1), tentacles
a: no special abilities


You were on level 3 of the Dungeon.
You visited 1 branch of the dungeon, and saw 3 of its levels.

You collected 153 gold pieces.

Inventory:

Hand Weapons
 a - a +0 dagger of venom (weapon)
 b - a +2 sling of freezing
Armour
 e - a +1 tower shield of positive energy
Jewellery
 i - an amulet of magic regeneration (around mantle)
Scrolls
 c - a scroll of poison {unknown}
 g - a scroll of teleportation {unknown}
 h - a scroll of enchant armour {unknown}
 k - 3 scrolls of identify {unknown}
Potions
 d - a potion of magic
 f - 2 potions of heal wounds {unknown}
 j - 2 potions of curing {unknown}


   Skills:
 - Level 2.0 Dodging
 - Level 4.0 Stealth
 + Level 2.6 Spellcasting
 + Level 2.0 Transmutations
 + Level 3.5 Earth Magic


You had one spell level left.
You knew the following spells:

 Your Spells              Type           Power      Damage    Failure   Level
a - Sandblast             Erth           32%        2d9       3%          1
p - Petrify               Tmut/Erth      13%        N/A       45%         4
w - Passwall              Tmut/Erth      10%        N/A       8%          2

Your spell library contained the following spells:

 Spells                   Type           Power      Damage    Failure   Level
 Stone Arrow              Conj/Erth      18%        3d8       22%         3
 Dazzling Flash           Conj/Hex       4%         N/A       43%         3
 Agony                    Necr           2%         N/A       99%         5
 Silence                  Hex/Air        1%         N/A       99%         5


Dungeon Overview and Level Annotations

Branches:
Dungeon (3/15)

Altars:
Yredelemnul

Shops:
D:3 !

Annotations:
D:2 Sigmund, Terence


Innate Abilities, Weirdness & Mutations

You cannot wear most types of armour.
You are amphibious.
You can wear up to eight rings at the same time.
Your skin changes colour to match your surroundings (Stealth+).
Your rubbery body absorbs attacks. (AC +1, EV +1)
((You are camouflaged when in or above water. (Stealth+)))
You have tentacles for arms and can constrict up to eight enemies at once.


Message History

Aim: an orc, wielding a +0 club and wearing a +0 ring mail (84% to hit)
The blast of sand hits the orc but does no damage.
The orc priest shouts!
Casting: Sandblast (safe; 3% risk of failure)
Confirm with . or Enter, or press ? or * to list all spells.
Aiming: Sandblast (safe; 3% risk of failure)
Press: ? - help, Shift-Dir - straight line, f - orc priest, p - orc
Aim: an orc priest, wielding a +0 hand axe and wearing a +0 chain mail (87% to hit)
The blast of sand hits the orc!
You kill the orc!
Casting: Sandblast (safe; 3% risk of failure)
Confirm with . or Enter, or press ? or * to list all spells.
Aiming: Sandblast (safe; 3% risk of failure)
Press: ? - help, Shift-Dir - straight line, f/p - orc priest
Aim: an orc priest, wielding a +0 hand axe and wearing a +0 chain mail (87% to hit)
The blast of sand hits the orc priest but does no damage.
The orc closely misses you.
You hit the orc priest but do no damage.
You grab the orc priest.
You constrict the orc priest, but do no damage.
The orc hits you with a +0 club. The orc priest barely misses you.
You hit the orc priest but do no damage.
The orc priest is poisoned.
You constrict the orc priest, but do no damage.
The orc hits you but does no damage.
The orc priest mumbles some strange prayers to Beogh against you.
Pain shoots through your body!
You hit the orc priest.
The orc priest looks as sick as possible!
The orc priest is moderately wounded.
You constrict the orc priest, but do no damage.
The orc hits you with a +0 club.
The orc priest hits you with a +0 hand axe.
* * * LOW HITPOINT WARNING * * *
You hit the orc priest but do no damage.
The orc priest is heavily wounded.
You constrict the orc priest. The orc hits you with a +0 club.
* * * LOW HITPOINT WARNING * * *
The orc priest hits you with a +0 hand axe!
You die...

### ..# #(# #.#
# #.#
##############.#
............##.#
......o@.......#
####
.......o....##.#
####...
##############.#
#....## #.#
#.####.
#.###.##...
##.....#..##
#......#.##
#.)....#.#
##......#.#


You could see an orc priest (extremely poisoned) and an orc.

Vanquished Creatures
  An adder (D:2)
  A worm (D:2)
  4 dart slugs
  An orc (D:3)
  2 ball pythons
  8 endoplasms
  2 giant cockroaches
  6 goblins
  6 hobgoblins
  2 jackals (D:1)
  3 quokkas
  2 bats
  3 kobolds
  3 rats
44 creatures vanquished.

Notes
Turn   | Place    | Note
-------+----------+-------------------------------------------
     0 | D:1      | erker the Octopode Earth Elementalist began the quest for
                  | the Orb.
     0 | D:1      | Reached XP level 1. HP: 11/11 MP: 3/3
    68 | D:1      | Reached skill level 3 in Stealth
   514 | D:1      | Reached XP level 2. HP: 17/17 MP: 3/5
   540 | D:1      | Reached skill level 4 in Stealth
  1019 | D:1      | Reached XP level 3. HP: 21/21 MP: 6/6
  1134 | D:1      | Found a faded altar of an unknown god.
  1408 | D:2      | Noticed Sigmund
  1465 | D:2      | Found a basalt altar of Yredelemnul.
  1707 | D:2      | Noticed Terence
  1948 | D:2      | Reached XP level 4. HP: 27/27 MP: 5/7
  1979 | D:2      | Learned a level 2 spell: Passwall
  1984 | D:2      | Learned a level 4 spell: Petrify
  2071 | D:3      | Found Jekej's Distillery.
  2312 | D:3      | Slain by an orc priest

Illustrated notes

Levels and vault maps discovered:
D:1:      dpeg_arrival_shrine, layout_loops_corners,
          shapermc_ecumenical_altar_mp_vishouse
D:2:      layout_basic, basic_altar, uniq_terence, uniq_sigmund
D:3:      layout_loops_ring, serial_shops, nicolae_shop_hallway_plus,
          serial_co_window_serial, co_window_paths_a, co_window_paths_a,
          co_window_cross_1, co_window_paths_a, co_window_paths_a,
          co_window_broadway_a, co_window_of_opportunity_c,
          co_window_broadway_c, co_window_broadway_a, co_window_corner_cb,
          co_window_4corner_b, glass_columns_a, glass_columns_b

Skill      XL: |  1  2  3  4 |
---------------+-------------+-----
Stealth        | 3 4 |  4.0
Transmutations | 2 |  2.0
Dodging        | |  2.0
Spellcasting   | |  2.6
Earth Magic    | |  3.5

Action                   |  1- 3 |  4- 6 || total
-------------------------+-------+-------++-------
Melee: Dagger            |    14 |     7 ||    21
       Constrict         |     2 |     2 ||     4
       Tentacles         |     4 |     1 ||     5
 Fire: Sling             |    51 |       ||    51
 Cast: Sandblast         |    12 |     6 ||    18
       Passwall          |       |     1 ||     1
 Stab: Sleeping          |       |     1 ||     1
Armor: Skin              |     1 |     1 ||     2
Dodge: Dodged            |     9 |     3 ||    12
